 Dungeon Crawl Stone Soup version 0.30-a0-900-g23479c02f2 (webtiles) character file.

Game seed: 14938015704371660018

340 buddhastalin the Poker (level 6, 0/49 HPs)
             Began as a Demonspawn Gladiator on Mar 18, 2023.
             Slain by a kobold
             ... wielding a +0 club
              (2 damage)
             ... in a sewer.
             The game lasted 00:10:28 (2207 turns).

buddhastalin the Poker (Demonspawn Gladiator)       Turns: 2207, Time: 00:10:29

Health: 0/49       AC:  4    Str: 15    XL:     6   Next: 30%
Magic:  6/6        EV: 16    Int: 11    God:
Gold:   34         SH:  0    Dex: 14    Spells: 5/5 levels left

rFire   + . .      SeeInvis .    a - +0 trident
rCold   . . .      Faith    .    (no shield)
rNeg    + + .      Spirit   .    b - +0 leather armour
rPois   .          Reflect  .    (helmet unavailable)
rElec   .          Rampage  .    q - +0 cloak
rCorr   .          Rage     3%   (no gloves)
Will    .....                    (no boots)
Stlth   +                        (no amulet)
HPRegen 0.00/turn                o - ring of positive energy
MPRegen 0.10/turn                c - ring of positive energy

@: flying, inhibited regen
A: horns 3, repulsion field 2, demonic magic 1, berserk 1, fire resistance 1,
inhibited regeneration
a: no special abilities


You were in a sewer.
You visited 1 branch of the dungeon, and saw 3 of its levels.
You also visited: Sewer.

You collected 34 gold pieces.

Inventory:

Hand Weapons
 a - a +0 trident (weapon)
Missiles
 d - 3 throwing nets
 e - a javelin
 f - 20 poisoned darts (quivered)
Armour
 b - a +0 leather armour (worn)
 q - a +0 cloak (worn)
Jewellery
 c - a ring of positive energy (right hand)
 o - a ring of positive energy (left hand)
Scrolls
 g - a scroll of noise {unknown}
 i - a scroll of identify
 t - a scroll of enchant armour {unknown}
Potions
 h - a potion of cancellation
 l - a potion of curing
 m - 2 potions of lignification {unknown}
 n - a potion of degeneration {unknown}
 p - a potion of invisibility
 r - a potion of heal wounds {unknown}
 s - a potion of haste {unknown}


   Skills:
 * Level 4.4 Fighting
 * Level 4.6 Polearms
 - Level 1.7 Throwing
 + Level 3.7 Dodging


You had 5 spell levels left.
You didn't know any spells.
Your spell library contained the following spells:

 Spells                   Type           Power      Damage    Failure   Level
 Summon Small Mammal      Summ           0%         N/A       41%         1
 Ensorcelled Hibernation  Hex/Ice        0%         N/A       54%         2
 Passwall                 Tmut/Erth      0%         N/A       54%         2
 Call Canine Familiar     Summ           0%         N/A       78%         3
 Ignite Poison            Fire/Tmut/Pois 0%         N/A       78%         3
 Kindle Blastsparks       Fire/Tloc/Air  0%         2d10      78%         3
 Summon Guardian Golem    Hex/Summ       0%         N/A       78%         3
 Swiftness                Air            0%         N/A       78%         3
 Freezing Cloud           Conj/Ice/Air   0%         6-21      100%        5


Dungeon Overview and Level Annotations

Branches:
Dungeon (3/15)              Sewer (1/1)

Altars:
Trog
Uskayaw

Shops:
D:1 [   D:2 [

Annotations:
Sewer Grinder


Innate Abilities, Weirdness & Mutations

You have a pair of large horns on your head.
You are surrounded by a moderate repulsion field. (EV +3)
Spells you cast may paralyse adjacent enemies.
You sometimes lose your temper in combat.
Your flesh is heat resistant. (rF+)
You do not regenerate when monsters are visible.


Message History

The kobold brigand is heavily wounded.
The kobold closely misses you.
The kobold brigand hits you with a +0 whip!
You closely miss the kobold brigand.
The kobold brigand is heavily wounded.
The kobold hits you but does no damage. The kobold brigand misses you.
You closely miss the kobold brigand.
The kobold brigand is heavily wounded.
The kobold hits you with a +0 club.
The kobold brigand hits you with a +0 whip.
You closely miss the kobold brigand.
The kobold brigand is heavily wounded.
Grinder blinks!
The kobold misses you.
The kobold brigand hits you with a +0 whip.
You hit the kobold brigand.
The kobold brigand is heavily wounded.
The kobold hits you but does no damage. The kobold brigand barely misses you.
It was a potion of flight.
You feel very buoyant.
You fly up into the air.
The kobold hits you but does no damage.
The kobold brigand hits you with a +0 whip.
Grinder gestures at you.
You suddenly lose the ability to move!
The kobold hits you but does no damage.
The kobold brigand splashes around in the water.
Grinder hits you!
* * * LOW HITPOINT WARNING * * *
The kobold hits you with a +0 club.
* * * LOW HITPOINT WARNING * * *
The kobold brigand splashes around in the water.
Grinder hits you!
* * * LOW HITPOINT WARNING * * *
You writhe in agony.
* * * LOW HITPOINT WARNING * * *
You can move again.
It was a potion of mutation.
You feel extremely strange.
Your regeneration stops near monsters.
You feel a little pissed off. The horns on your head grow some more.
You feel resistant to heat. The kobold hits you with a +0 club.
You die...

'.K5. ..5S #.K
####)#########
≈≈≈#..5#~≈≈≈≈≈#
~~~≈....K~~~~~≈#
....#...#.W..).#
#### ##≈#######)#
.....#≈≈≈#..5@K.#
.~≈..#≈≈≈#..~K≈~#
~≈~....≈...~≈≈≈≈#
≈≈~≈~#...#≈≈~≈≈≈#
≈≈≈≈≈≈...#~≈≈≈≈≈#
≈≈≈≈≈#...#~≈≈≈≈≈#
≈≈≈≈≈#...≈~≈≈≈≈≈#
≈≈≈≈≈#...#≈≈≈≈≈≈#
≈#
≈≈≈≈≈≈...#~≈≈≈≈≈#


You could see Grinder, a kobold brigand and a kobold.

Vanquished Creatures
  A phantom (Sewer)
  2 orc priests
  An orc wizard (D:3)
  7 adders
  2 shadow imps (Sewer)
  3 ufetubi (Sewer)
  3 worms (D:2)
  2 dart slugs
  5 ball pythons
  9 bats
  3 endoplasms
  6 giant cockroaches
  4 goblins
  5 hobgoblins
  5 quokkas
  A frilled lizard (D:1)
  17 kobolds
  3 rats
79 creatures vanquished.

Vanquished Creatures (others)
  36 plants (D:2)
36 creatures vanquished.

Grand Total: 115 creatures vanquished

Notes
Turn   | Place    | Note
-------+----------+-------------------------------------------
     0 | D:1      | buddhastalin the Demonspawn Gladiator began the quest for
                  | the Orb.
     0 | D:1      | Reached XP level 1. HP: 16/16 MP: 1/1
   109 | D:1      | Gained mutation: Spells you cast may paralyse adjacent
                  | enemies. [demonic ancestry]
   109 | D:1      | Reached XP level 2. HP: 22/23 MP: 2/2
   438 | D:1      | Found Hamuvaid's Antique Armour Shoppe.
   857 | D:2      | Found a bloodstained altar of Trog.
   865 | D:2      | Gained mutation: You are surrounded by a mild repulsion
                  | field. (EV +2) [demonic ancestry]
   865 | D:2      | Reached XP level 3. HP: 28/28 MP: 3/3
   948 | D:2      | Identified the +8 dagger "Bigil" {heavy, Str+2}
  1102 | D:2      | Found Iklyffy's Antique Armour Emporium.
  1348 | D:2      | Gained mutation: You have a pair of small horns on your
                  | head. [demonic ancestry]
  1348 | D:2      | Reached XP level 4. HP: 35/35 MP: 4/4
  1678 | D:3      | Found a hide-covered altar of Uskayaw.
  1852 | D:3      | Gained mutation: You are surrounded by a moderate repulsion
                  | field. (EV +3) [demonic ancestry]
  1852 | D:3      | Reached XP level 5. HP: 27/42 MP: 5/5
  1981 | D:3      | Found a glowing drain.
  2008 | Sewer    | Entered a sewer
  2163 | Sewer    | Noticed Grinder
  2166 | Sewer    | Noticed a phantom
  2167 | Sewer    | Found an ancient bone altar of Kikubaaqudgha.
  2185 | Sewer    | Killed a phantom
  2186 | Sewer    | Gained mutation: You have a pair of horns on your head.
                  | [demonic ancestry]
  2186 | Sewer    | Reached XP level 6. HP: 45/49 MP: 6/6
  2204 | Sewer    | Paralysed by Grinder for 3 turns
  2206 | Sewer    | HP: 2/49 [Grinder (1)]
  2207 | Sewer    | Gained mutation: You do not regenerate when monsters are
                  | visible. [potion of mutation]
  2207 | Sewer    | Gained mutation: You sometimes lose your temper in combat.
                  | [potion of mutation]
  2207 | Sewer    | Gained mutation: You have a pair of large horns on your
                  | head. [potion of mutation]
  2207 | Sewer    | Gained mutation: Your flesh is heat resistant. (rF+)
                  | [potion of mutation]
  2207 | Sewer    | Slain by a kobold

Illustrated notes

Levels and vault maps discovered:
D:1:      dpeg_arrival_lava_temple_mockup, layout_basic, serial_shops, shop,
          minmay_pentomino_x2
D:2:      layout_rooms, basic_altar, serial_shops,
          nicolae_shop_advertising_works [nicolae_subvault_shop_adworks],
          serial_bayou_lagoon_a, minmay_small_reverse_x
D:3:      layout_basic, mainiacjoe_overflow_alcove_2, gup_sewer_entry_glass,
          minmay_ruptured, uniq_terence
Sewer:    kennysheep_sewer_church

Skill      XL: |  1  2  3  4  5 |
---------------+----------------+-----
Polearms       | 3 4 |  4.6
Dodging        | 3 |  3.7
Fighting       | 3 4 |  4.4
Throwing       | |  1.7

Action                     |  1- 3 |  4- 6 || total
---------------------------+-------+-------++-------
  Melee: Trident           |   141 |   143 ||   284
         Punch             |     3 |     2 ||     5
         Headbutt          |       |    21 ||    21
  Throw: Dart              |     5 |     2 ||     7
    Use: Scroll            |     4 |       ||     4
         Potion            |       |     3 ||     3
   Stab: Sleeping          |     1 |     2 ||     3
         Invisible         |       |     1 ||     1
 Armour: Leather armour    |    37 |    33 ||    70
  Dodge: Dodged            |    99 |    79 ||   178

Table legend: (Time is in decaauts)
 A = Elapsed time spent in this place.
 B = Non-inter-level travel time spent in this place.
 C = Inter-level travel time spent in this place.
 D = Time resting spent in this place.
 E = Time spent auto-exploring this place.
 F = Levels seen in this place.
 G = Mean time per level.
                   A        B        C        D        E       F      G
               +--------+--------+--------+--------+--------+-----+--------+
         Total |   2248 |   2217 |     31 |    388 |   1087 |   4 |  562.0 |
       Dungeon |   2042 |   2011 |     31 |    380 |   1040 |   3 |  680.7 |
         Sewer |    206 |    206 |      0 |      8 |     47 |   1 |  206.0 |
               +--------+--------+--------+--------+--------+-----+--------+

Top non-repeatable levels by time:
     D:2: 944 daAuts
     D:1: 797 daAuts
     D:3: 299 daAuts
   Sewer: 206 daAuts
